 Dungeon Crawl Stone Soup version 0.30-a0-808-g6e0788376e (webtiles) character file.

Game seed: 2580479826058185899

60 cforsyth the Sneak (level 4, -6/28 HPs)
             Began as a Kobold Brigand on Feb 27, 2023.
             Mangled by an orc
             ... wielding a +0 mace
              (7 damage)
             ... on level 3 of the Dungeon.
             The game lasted 00:01:59 (1969 turns).

cforsyth the Sneak (Kobold Brigand)                 Turns: 1969, Time: 00:01:59

Health: -6/28      AC:  3    Str:  8    XL:     4   Next: 25%
Magic:  4/4        EV: 15    Int: 12    God:
Gold:   150        SH:  0    Dex: 18    Spells: 3/3 levels left

rFire   . . .      SeeInvis +    a - +2 dagger
rCold   . . .      Faith    .    (no shield)
rNeg    . . .      Spirit   .    b - +0 robe
rPois   .          Reflect  .    (no helmet)
rElec   .          Harm     .    c - +0 cloak
rCorr   .          Rampage  .    (no gloves)
Will    .....                    (no boots)
Stlth   ++                       (no amulet)
HPRegen 0.24/turn                f - ring of see invisible
MPRegen 0.09/turn                (no ring)

@: confused, lethally poisoned (-6 -> -11), flying
A: small, no large weapons, nightstalker 3
a: no special abilities


You were on level 3 of the Dungeon.
You visited 1 branch of the dungeon, and saw 3 of its levels.

You collected 150 gold pieces.

Inventory:

Hand Weapons
 a - a +2 dagger (weapon)
Missiles
 d - 9 poisoned darts (quivered)
 e - 3 curare-tipped darts
 n - a throwing net
Armour
 b - a +0 robe (worn)
 c - a +0 cloak (worn)
Jewellery
 f - a ring of see invisible (left hand)
Wands
 q - a wand of roots (16)
Scrolls
 g - a scroll of teleportation {unknown}
 i - 4 scrolls of identify {unknown}
 j - a scroll of immolation {unknown}
 k - a scroll of fog {unknown}
 m - a scroll of blinking {unknown}
 o - a scroll of vulnerability {unknown}
Potions
 h - a potion of heal wounds {unknown}
 p - a potion of lignification {unknown}


   Skills:
 + Level 3.0 Fighting
 + Level 3.6 Short Blades
 - Level 2.1 Throwing
 + Level 2.4 Dodging
 + Level 6.0 Stealth


You had 3 spell levels left.
You didn't know any spells.
Your spell library contained the following spells:

 Spells                   Type           Power      Damage    Failure   Level
 Kiss of Death            Conj/Necr      0%         2d5       32%         1
 Confusing Touch          Hex            0%         N/A       69%         3
 Dispel Undead            Necr           0%         3d6       97%         4


Dungeon Overview and Level Annotations

Branches:
Dungeon (3/15)

Altars:
Fedhas
Nemelex Xobeh


Innate Abilities, Weirdness & Mutations

You are small and have problems with some larger weapons.
You are completely attuned to the shadows.


Message History

The orc hits you with a +1 dagger of venom.
You are poisoned.
You completely miss the orc.
You feel sick.
You hit the orc but do no damage.
You feel sick. The orc closely misses you. The orc hits you but does no damage.
You hit the orc wizard.
The orc wizard is moderately wounded.
You feel sick.
The orc wizard hits you with a +0 dagger.
The orc hits you with a +0 mace. The orc misses you.
You are too injured to fight recklessly!
You are too injured to fight recklessly!
You are too injured to fight recklessly!
You are too injured to fight recklessly!
You are too injured to fight recklessly!
You are too injured to fight recklessly!
You are too injured to fight recklessly!
You hit the orc wizard.
The orc wizard is heavily wounded.
You feel sick.
The orc wizard points at you and mumbles some strange words.
You are confused.
The orc closely misses you.
The orc hits you with a +1 dagger of venom.
You are more poisoned.
You hit the orc wizard.
The orc wizard is heavily wounded.
You feel sick.
The orc wizard points at you and mumbles some strange words.
The magic dart hits you.
* * * LOW HITPOINT WARNING * * *
It was a potion of flight.
You feel very buoyant.
You fly up into the air.
* * * LOW HITPOINT WARNING * * *
You feel sick.
The orc wizard hits you with a +0 dagger.
* * * LOW HITPOINT WARNING * * *
The orc hits you with a +0 mace!
You die...

# # # ... #
#.....######
###+..........#
##..o.........†######
...oo$..............#
#o@.....†..........
#..................
#.....!............
#..................
#..................
..................
.................
#.....#. ...#.


You could see an orc wizard and 3 orcs.

Vanquished Creatures
  3 adders
  A dart slug (D:3)
  An orc (D:3)
  An endoplasm (D:1)
  5 goblins
  4 hobgoblins
  A kobold (D:1)
  4 quokkas
  5 bats
  A frilled lizard (D:1)
  3 rats
29 creatures vanquished.

Notes
Turn   | Place    | Note
-------+----------+-------------------------------------------
     0 | D:1      | cforsyth the Kobold Brigand began the quest for the Orb.
     0 | D:1      | Reached XP level 1. HP: 12/12 MP: 1/1
   491 | D:1      | Reached XP level 2. HP: 18/18 MP: 2/2
  1062 | D:2      | Found a blossoming altar of Fedhas.
  1231 | D:2      | Reached XP level 3. HP: 14/22 MP: 3/3
  1447 | D:2      | You fall into a shaft and drop 1 floor!
  1451 | D:3      | Found a sparkling altar of Nemelex Xobeh.
  1569 | D:3      | Reached XP level 4. HP: 27/27 MP: 4/4
  1950 | D:3      | Reached skill level 6 in Stealth
  1969 | D:3      | HP: 1/28 [orc wizard/+0 dagger (3)]
  1969 | D:3      | Mangled by an orc

Illustrated notes

Levels and vault maps discovered:
D:1:      dpeg_arrival_connections, layout_basic, minmay_misc_feat_encased,
          chequers_garden, hangedman_decor_push
D:2:      layout_basic, basic_altar, chequers_decorated_corner,
          hex_intersection, minmay_octomino_j4
D:3:      layout_rooms, nemelex_altar_shiori,
          nicolae_ru_great_annihilating_truth, uniq_jessica

Skill      XL: |  1  2  3  4 |
---------------+-------------+-----
Short Blades   | 3 |  3.6
Dodging        | 2 |  2.4
Stealth        | 6 |  6.0
Fighting       | 3 |  3.0
Throwing       | |  2.1

Action                     |  1- 3 |  4- 6 || total
---------------------------+-------+-------++-------
  Melee: Dagger            |    52 |    11 ||    63
    Use: Potion            |       |     1 ||     1
   Stab: Sleeping          |    14 |     5 ||    19
         Distracted        |     1 |       ||     1
 Armour: Robe              |     4 |     1 ||     5
  Dodge: Dodged            |    24 |     4 ||    28

Table legend: (Time is in decaauts)
 A = Elapsed time spent in this place.
 B = Non-inter-level travel time spent in this place.
 C = Inter-level travel time spent in this place.
 D = Time resting spent in this place.
 E = Time spent auto-exploring this place.
 F = Levels seen in this place.
 G = Mean time per level.
                   A        B        C        D        E       F      G
               +--------+--------+--------+--------+--------+-----+--------+
         Total |   1957 |   1908 |     49 |      0 |   1714 |   3 |  652.3 |
       Dungeon |   1957 |   1908 |     49 |      0 |   1714 |   3 |  652.3 |
               +--------+--------+--------+--------+--------+-----+--------+

Top non-repeatable levels by time:
     D:2: 1048 daAuts
     D:1: 718 daAuts
     D:3: 190 daAuts
